 Dungeon Crawl Stone Soup version 0.22.0 (webtiles) character file.

1306291 inmateoo the Intangible (level 27, -1/390 HPs)
             Began as a Minotaur Fighter on Aug 10, 2018.
             Was the Champion of Cheibriados.
             Slain by an infernal warmonger
             ... wielding a +2 glaive of protection
              (18 damage)
             ... on level 3 of the Tomb of the Ancients.
             The game lasted 02:45:14 (59277 turns).

inmateoo the Intangible (Minotaur Fighter)         Turns: 59277, Time: 02:45:16

Health: -1/390     AC: 27    Str: 38    XL:     27
Magic:  0/53       EV: 41    Int: 31    God:    Cheibriados [******]
Gold:   9260       SH: 27    Dex: 33    Spells: 9/63 levels left

rFire    + + +     SeeInvis +     - Unarmed
rCold    + + +     Gourm    .   W - +5 shield {rF+}
rNeg     + . .     Faith    .   (armour currently unavailable)
rPois    ∞         Spirit   +   I - +0 hat of Royalty {*Drain rElec rC++ Int+3}
rElec    +         Reflect  .   C - scarf {rC+ rF+}
rCorr    .         Harm     .   (gloves currently unavailable)
MR       +++..                  (boots currently unavailable)
Stlth    +.........             D - amulet "Cuosch" {Spirit MR+ Str+4}
HPRegen  0.75/turn              Z - ring of Ucelicec {+Fly Dex+4 SInv}
MPRegen  0.33/turn              s - ring "Kiamum" {*Corrode rElec rF+++ MP+9 Str-5}

@: statue-form, corroded, studying Armour, deflect missiles, very slow
A: retaliatory headbutt, fangs 1, hooves 1, horns 2, large bone plates 1, agile
1, clever 1, robust 1, screaming 1, weak 1
0: Orb of Zot
}: 14/15 runes: barnacled, slimy, silver, iron, obsidian, icy, bone, abyssal,
demonic, glowing, magical, fiery, dark, gossamer
a: End Transformation, Bend Time, Temporal Distortion, Slouch, Step From Time,
Renounce Religion, Evoke Flight


You were on level 3 of the Tomb of the Ancients.
You worshipped Cheibriados.
Cheibriados was exalted by your worship.
You were very full.
You were a stone statue.
You visited 18 branches of the dungeon, and saw 90 of its levels.
You visited Pandemonium 1 time, and saw 16 of its levels.
You visited the Abyss 1 time.
You visited 1 bazaar.
You also visited: Trove, Sewer, Bailey, Ice Cave and Wizlab.

You collected 12455 gold pieces.
You spent 3195 gold pieces at shops.

Inventory:

Armour
 c - a +0 troll leather armour (melded) {Purgy}
 w - a +2 hat of magic resistance
 C - a scarf of resistance (worn)
 G - the +1 pair of boots of the New World (melded) {MP+9 Dex+4}
   (You acquired it on level 2 of the Orcish Mines)

   It affects your dexterity (+4).
   It affects your magic capacity (+9).
 I - the +0 hat of Royalty (worn) {*Drain rElec rC++ Int+3}
   (You acquired it in Pandemonium)

   It affects your intelligence (+3).
   It greatly protects you from cold.
   It insulates you from electricity.
   It causes draining when unequipped.
 U - the +3 pair of gauntlets of War (melded) {Slay+5}
   (You acquired it on level 3 of the Spider Nest)

   It affects your accuracy and damage with ranged weapons and melee attacks
   (+5).
 W - a +5 shield of fire resistance (worn)
Jewellery
 o - the ring of Okawaru's Hope {Ice rPois rN+ Str+4 Slay+2}
   (You found it on level 8 of the Dungeon)

   [ring of ice]

   It enhances your ice magic.
   It affects your strength (+4).
   It affects your accuracy and damage with ranged weapons and melee attacks
   (+2).
   It makes you vulnerable to fire.
   It protects you from cold.
   It protects you from poison.
   It protects you from negative energy.
 s - the ring "Kiamum" (right hand) {*Corrode rElec rF+++ MP+9 Str-5}
   (You found it on level 5 of the Vaults)

   [ring of magical power]

   It affects your strength (-5).
   It renders you almost immune to fire.
   It insulates you from electricity.
   It affects your magic capacity (+9).
   It may corrode you when you take damage.
 D - the amulet "Cuosch" (around neck) {Spirit MR+ Str+4}
   (You took it off a deep elf annihilator on level 3 of the Elven Halls)

   [amulet of guardian spirit]

   It causes incoming damage to be split between your health and magic.
   It affects your strength (+4).
   It affects your resistance to hostile enchantments.
 J - an uncursed ring of resist corrosion
 N - the ring "Hosuvodgh" {*Drain rF+ rN+ MP+9 Str+3}
   (You found it on level 3 of the Crypt)

   [ring of magical power]

   It affects your strength (+3).
   It protects you from fire.
   It protects you from negative energy.
   It affects your magic capacity (+9).
   It causes draining when unequipped.
 Q - the ring of Xom's Esteem {Wiz Str+7 Stlth+}
   (You found it on level 3 of the Crypt)

   [ring of wizardry]

   It improves your spell success rate.
   It affects your strength (+7).
   It makes you more stealthy.
 R - an uncursed ring of protection from magic
 Z - the ring of Ucelicec (left hand) {+Fly Dex+4 SInv}
   (You found it in a treasure trove)

   [ring of flight]

   It affects your dexterity (+4).
   It lets you see invisible.
   It lets you fly.
Wands
 k - a wand of flame (24)
 n - a wand of paralysis (83)
 F - a wand of digging (41)
 H - a wand of polymorph (33)
 M - a wand of acid (32)
 S - a wand of disintegration (11)
 X - a wand of scattershot (5)
Scrolls
 b - 7 scrolls of identify
 e - 35 scrolls of remove curse
 f - 7 scrolls of fog
 l - 5 scrolls of teleportation
 m - 8 scrolls of enchant armour
 x - 5 scrolls of holy word
 z - 6 scrolls of blinking
 K - 11 scrolls of fear
 P - 9 scrolls of amnesia
 Y - a scroll of silence
Potions
 g - 7 potions of brilliance
 h - 6 potions of flight
 i - 15 potions of curing
 j - a potion of mutation
 p - 6 potions of cancellation
 q - 12 potions of might
 t - 3 potions of invisibility
 u - 2 potions of heal wounds
 E - 5 potions of resistance
 O - 7 potions of agility
 V - 5 potions of ambrosia
Books
 y - a manual of Armour
Miscellaneous
 a - a phial of floods
 A - 3 boxes of beasts
 T - a lamp of fire
Comestibles
 d - 40 rations


   Skills:
 O Level 27 Fighting
 - Level 8.0 Armour
 O Level 27 Dodging
 - Level 17.0 Shields
 O Level 27 Unarmed Combat
 + Level 18.6 Spellcasting
 - Level 10.0 Charms
 - Level 5.0 Necromancy
 - Level 5.0 Translocations
 - Level 12.0 Transmutations
 - Level 6.0 Air Magic
 O Level 27 Earth Magic
 - Level 10.0 Invocations
 - Level 5.0 Evocations


You had 9 spell levels left.
You knew the following spells:

 Your Spells              Type           Power        Failure   Level  Hunger
a - Regeneration          Chrm/Necr      ######....   1%          3    None
b - Statue Form           Tmut/Erth      #######..    1%          6    None
c - Song of Slaying       Chrm           ######..     1%          2    None
d - Shroud of Golubria    Chrm/Tloc      ######....   1%          2    None
e - Blink                 Tloc           N/A          1%          2    None
f - Blade Hands           Tmut           #######...   1%          5    None
g - Apportation           Tloc           ######       1%          1    None
h - Deflect Missiles      Chrm/Air       ######....   8%          6    None
i - Passwall              Tmut/Erth      #######.     0%          2    None
j - Summon Forest         Summ/Tloc      #####.....   14%         5    None
k - Shatter               Erth           ########..   2%          9    #######
l - Lee's Rapid Deconstr  Erth           ########..   0%          5    None
m - Iron Shot             Conj/Erth      #######...   1%          6    None

Your spell library contained the following spells:

 Spells                   Type           Power        Failure   Level  Hunger
 Cause Fear               Hex            ####......   14%         4    None
 Magic Dart               Conj           ####         1%          1    None
 Fireball                 Conj/Fire      ####......   36%         5    None
 Conjure Flame            Conj/Fire      ####....     4%          3    None
 Bolt of Fire             Conj/Fire      ####......   91%         6    None
 Bolt of Cold             Conj/Ice       ####......   91%         6    None
 Lightning Bolt           Conj/Air       #####.....   11%         5    None
 Bolt of Magma            Conj/Fire/Erth ######....   1%          5    None
 Slow                     Hex            ####....     1%          2    None
 Confuse                  Hex            ####....     4%          3    None
 Invisibility             Hex            ####....     91%         6    None
 Throw Flame              Conj/Fire      ####..       1%          2    None
 Throw Frost              Conj/Ice       ####..       1%          2    None
 Controlled Blink         Tloc           N/A          100%        8    #####..
 Freezing Cloud           Conj/Ice/Air   #####.....   67%         6    None
 Mephitic Cloud           Conj/Pois/Air  #####...     1%          3    None
 Ring of Flames           Chrm/Fire      ######....   83%         7    ####...
 Venom Bolt               Conj/Pois      ####......   36%         5    None
 Olgreb's Toxic Radiance  Pois           ####....     14%         4    None
 Death's Door             Chrm/Necr      ######....   99%         8    #####..
 Summon Small Mammal      Summ           ####         1%          1    None
 Lehudib's Crystal Spear  Conj/Erth      #######...   34%         8    #####..
 Fire Storm               Conj/Fire      ####......   100%        9    #######
 Iskenderun's Mystic Bla  Conj           ####....     14%         4    None
 Animate Dead             Necr           N/A          1%          4    None
 Pain                     Necr           ####         1%          1    None
 Animate Skeleton         Necr           N/A          1%          1    None
 Vampiric Draining        Necr           ######....   1%          3    None
 Haunt                    Necr/Summ      #####.....   99%         7    ####...
 Borgnjor's Revivificati  Necr           ######....   100%        8    #####..
 Freeze                   Ice            ####         1%          1    None
 Sticky Flame             Conj/Fire      ####....     14%         4    None
 Summon Ice Beast         Ice/Summ       ####....     14%         4    None
 Ozocubu's Armour         Chrm/Ice       ######..     1%          3    None
 Call Imp                 Summ           ####....     1%          2    None
 Poison Arrow             Conj/Pois      ####......   91%         6    None
 Sting                    Conj/Pois      ####         1%          1    None
 Tukima's Dance           Hex            ####....     4%          3    None
 Summon Demon             Summ           ####......   36%         5    None
 Corpse Rot               Necr           N/A          1%          2    None
 Stone Arrow              Conj/Erth      ######       0%          3    None
 Shock                    Conj/Air       ####         1%          1    None
 Swiftness                Chrm/Air       ######..     1%          2    None
 Recall                   Summ/Tloc      N/A          1%          3    None
 Spider Form              Tmut/Pois      ######....   1%          3    None
 Ice Form                 Ice/Tmut       ######..     1%          4    None
 Dragon Form              Tmut           #######...   9%          7    ####...
 Necromutation            Tmut/Necr      ######....   95%         8    #####..
 Death Channel            Necr           ######....   26%         6    None
 Throw Icicle             Conj/Ice       ####....     14%         4    None
 Glaciate                 Conj/Ice       ####......   100%        9    #######
 Airstrike                Air            ######....   1%          4    None
 Shadow Creatures         Summ           N/A          91%         6    None
 Confusing Touch          Hex            ####..       1%          1    None
 Flame Tongue             Conj/Fire      ####.        1%          1    None
 Ignite Poison            Fire/Tmut/Pois ######..     1%          3    None
 Sticks to Snakes         Tmut           #######.     0%          2    None
 Call Canine Familiar     Summ           ####....     4%          3    None
 Ensorcelled Hibernation  Hex/Ice        ####..       1%          2    None
 Metabolic Englaciation   Hex/Ice        ####......   36%         5    None
 Summon Butterflies       Summ           ####....     1%          1    None
 Silence                  Hex/Air        #####.....   11%         5    None
 Dispersal                Tloc           ######....   26%         6    None
 Static Discharge         Conj/Air       #####...     1%          3    None
 Corona                   Hex            ####...      1%          1    None
 Alistair's Intoxication  Tmut/Pois      ######..     3%          5    None
 Sandblast                Erth           ######       0%          1    None
 Simulacrum               Ice/Necr       #####.....   58%         6    None
 Conjure Ball Lightning   Conj/Air       #####.....   52%         6    None
 Chain Lightning          Conj/Air       #####.....   100%        8    #####..
 Petrify                  Tmut/Erth      #######.     0%          4    None
 Malign Gateway           Summ/Tloc      #####.....   99%         7    ####...
 Tornado                  Air            ######....   100%        9    #######
 Leda's Liquefaction      Hex/Erth       #######...   1%          4    None
 Summon Hydra             Summ           ####......   100%        7    ####...
 Inner Flame              Hex/Fire       ####....     4%          3    None
 Aura of Abjuration       Summ           ####......   36%         5    None
 Beastly Appendage        Tmut           ######       0%          1    None
 Fulminant Prism          Conj/Hex       ####......   14%         4    None
 Dazzling Spray           Conj/Hex       ####..       4%          3    None
 Force Lance              Conj/Tloc      #####...     4%          4    None
 Infusion                 Chrm           ####         1%          1    None
 Spectral Weapon          Hex/Chrm       ######..     1%          3    None
 Searing Ray              Conj           ####..       1%          2    None
 Discord                  Hex            ####......   100%        8    #####..
 Summon Lightning Spire   Summ/Air       #####...     4%          4    None
 Summon Guardian Golem    Hex/Summ       ####....     4%          3    None
 Dragon's Call            Summ           ####......   100%        9    #######
 Spellforged Servitor     Conj/Summ      ####......   100%        7    ####...
 Summon Mana Viper        Hex/Summ       ####....     36%         5    None
 Hydra Form               Tmut           #######...   1%          6    None
 Irradiate                Conj/Tmut      ######....   3%          5    None
 Gell's Gravitas          Tloc           ######....   1%          3    None
 Yara's Violent Unravell  Hex/Tmut       ######....   3%          5    None
 Infestation              Necr           ######....   100%        8    #####..
 Lesser Beckoning         Tloc           ######....   1%          3    None
 Poisonous Vapours        Pois/Air       #####.       1%          2    None
 Ignition                 Fire           ####......   100%        8    #####..
 Borgnjor's Vile Clutch   Necr/Erth      #######...   1%          5    None


Dungeon Overview and Level Annotations

Branches:
Dungeon (15/15)            Temple (1/1) D:6            Lair (6/6) D:8
 Shoals (4/4) Lair:3       Spider (4/4) Lair:3        Slime (5/5) Lair:6
    Orc (2/2) D:11            Elf (3/3) Orc:2        Vaults (5/5) D:14
  Crypt (3/3) Vaults:3       Tomb (3/3) Crypt:3      Depths (5/5) D:15
   Hell (1/1)                 Dis (7/7) Hell            Geh (7/7) Hell
    Coc (7/7) Hell            Tar (7/7) Hell            Zot (5/5) Depths:5

Altars:
Ashenzari
Cheibriados
Dithmenos
Elyvilon
Fedhas
Gozag
Hepliaklqana
Kikubaaqudgha
Makhleb
Nemelex Xobeh
Okawaru
Qazlal
Ru
Sif Muna
Trog
Uskayaw
Vehumet
Wu Jian
Xom
Yredelemnul
Zin
The Shining One
Beogh

Shops:
D:7 [   D:11 (   D:14 *   Orc:2 (=[*   Elf:1 *   Elf:2 [   Shoals:2 !
Vaults:3 %   Vaults:5 %   Zot:5 *   Depths:2 *%

Portals:
Hell: Depths:1 Depths:2 Depths:3 Depths:4 Depths:5
Abyss: Depths:4
Pandemonium: Depths:3
Ziggurat: Depths:2

Annotations:
Lair:6 exclusion: 3 doors
Elf:2 3 runed doors
Depths:5 3 runed doors


Innate Abilities, Weirdness & Mutations

You reflexively headbutt those who attack you in melee.
You have a pair of horns on your head.
You have very sharp teeth.
You have large cloven feet.
((You are partially covered in iridescent scales. (AC +2)))
You are partially covered in large bone plates. (SH +4)
You are agile. (Dex +2)
Your mind is acute. (Int +2)
You are robust. (+10% HP)
You occasionally shout uncontrollably at your foes.
You are weak. (Str -2)


Message History

The smoke demon gestures at you. Something smites you!
* * * LOW HITPOINT WARNING * * *
The ushabti shakes and rattles deafeningly!
You block the hellwing's attack. The hellwing completely misses you.
The hellwing barely misses you. You furiously retaliate!
You headbutt the hellwing, but do no damage.
The hellwing completely misses you.
You hear a hideous shriek!
There is a one-way staircase leading up here.
Unknown command.
Unknown command.
Unknown command.
You feel better. You block the reaper's attack.
A huge blade swings out and slices into the smoke demon!
The smoke demon is severely wounded.
You block the guardian mummy's attack. You block the hellwing's attack.
The hellwing completely misses you.
The infernal warmonger hits you from afar with a glaive of protection!!
You die... #M.M MMZ22 8Mz4

.4s ###4## ##z4..###
##38.....### ##42.M......#
#8466..^....#
#..M2s.....$$[
#...3.......$?$
#..........$$$}
#.........$$($:[
....#.M.Z..........%$$=:==|
........MW..2......$$[=:)}#
.....WM48..........$$|[==##
. ...MM.nMMW83.


You could see an infernal warmonger, 2 reapers, an ancient champion, a shadow
demon, a gelid demonspawn, 2 hellwings, a guardian mummy, an ushabti, a rust
devil, 2 smoke demons, 2 death scarabs, 2 red devils, a flying skull and a
mummy.

Vanquished Creatures
  Cerebov (Pan)
  Antaeus (Coc:7)
  Asmodeus (Geh:7)
  the Royal Jelly (Slime:5)
  Ereshkigal (Tar:7)
  the Serpent of Hell (Dis:7)
  Gloorx Vloq (Pan)
  Lom Lobon (Pan)
  11 pandemonium lords
  Mnoleg (Pan)
  2 seraphim
  Dispater (Dis:7)
  5 orbs of fire
  Mara (Vaults:3)
  Mennas (Pan)
  The ghost of Bezeit the Hoplite, a master MiMo of Okawaru (Crypt:3)
  14 ancient liches
  17 greater mummies
  8 shard shrikes
  3 Killer Klowns (Zot:5)
  Frederick (Crypt:1)
  A curse toe (Zot:2)
  Geryon (Hell)
  The ghost of Heuceoga the Warrior, an adept OgFE of Kikubaaqudgha (Depths:5)
  21 golden dragons
  Jory (Vaults:5)
  A Hellbinder (WizLab)
  9 bone dragons
  the Enchantress (Depths:2)
  Arachne (Spider:2)
  18 Brimstone Fiends
  3 electric golems
  The ghost of Ysaheo the Acrobat, an adept MfSk of Okawaru (Vaults:2)
  9 doom hounds
  17 Tzitzimimeh
  8 Hell Sentinels
  3 iron giants
  A hellephant (Tomb:2)
  14 tentacled monstrosities
  18 Ice Fiends
  A titan (shapeshifter) (Depths:4)
  3 deep elf master archers (Elf:3)
  2 deep elf blademasters (Elf:3)
  8 liches
  4 titans
  Asterion (Spider:4)
  40 Orb Guardians
  8 quicksilver dragons
  11 sphinxes
  17 acid blobs
  A sphinx (shapeshifter) (Elf:1)
  15 ancient champions
  Murray (Hell)
  A kraken (Shoals:4)
  17 Executioners
  An eldritch tentacle (Dis:7)
  14 death cobs
  15 shadow dragons
  5 draconian monks
  Kirke (Spider:3)
  7 tentacled starspawn
  4 tengu reavers
  Agnes (Spider:1)
  16 storm dragons
  A shadow dragon (shapeshifter) (Depths:4)
  7 fire giants
  6 blood saints
  Ilsuiw (Shoals:4)
  Roxanne (D:14)
  23 daevas
  6 draconian knights
  10 frost giants
  9 azure jellies
  7 iron dragons (Dis:7)
  2 ghost moths (Spider:4)
  13 cacodemons
  6 deep elf sorcerers
  28 balrugs
  3 orc warlords
  The ghost of Elod the Protected, an adept GrFi of Okawaru (D:15)
  5 deep elf elementalists
  8 vault wardens
  31 angels
  A corrupter (Pan)
  4 draconian shifters
  4 curse skulls
  An emperor scorpion (shapeshifter) (Depths:5)
  The ghost of EnegeticOcto the Severer, a journeyman MiBe of Trog (D:13)
  8 draconian scorchers
  3 warmongers (Pan)
  The ghost of Lew the Cleaver, a journeyman HOFi of Beogh (Elf:1)
  2 war gargoyles
  10 ghouls
  3 draconian stormcallers
  6 emperor scorpions (Spider:4)
  The ghost of Urphep the Spry, a journeyman MfGl of Trog (Lair:6)
  8 draconian annihilators
  7 ironheart preservers
  38 very ugly things
  3 spriggan defenders (Depths:2)
  2 elemental wellsprings (Coc:7)
  The ghost of Deguic the Severer, a journeyman GrFi of Okawaru (Spider:2)
  41 reapers
  A stone giant (shapeshifter) (Depths:4)
  4 entropy weavers
  13 apis
  13 bennus
  18 stone giants
  9 green draconians
  6 vampire knights
  6 deep elf annihilators
  6 deep elf demonologists
  12 black draconians
  14 ophanim (Pan)
  6 dire elephants (Lair:6)
  An entropy weaver (shapeshifter) (Depths:4)
  8 yellow draconians
  Azrael (Orc:2)
  13 red draconians
  15 white draconians
  2 black suns (Pan)
  14 lorocyprocas
  9 purple draconians
  7 spark wasps
  9 eidola
  9 green deaths
  Josephine (D:10)
  24 blizzard demons
  2 merfolk javelineers
  6 deep elf death magi
  10 quicksilver dragon zombies
  11 crystal guardians (Depths:4)
  11 ettins
  8 death oozes
  11 jiangshi
  12 mummy priests
  Erolcha (D:10)
  10 yaktaur captains
  9 fire dragons
  11 merfolk impalers
  Snorg (Lair:6)
  9 great orbs of eyes
  2 kraken zombies
  7 deep elf high priests
  2 hydras (Lair:6)
  11 rakshasas
  24 vault guards (Vaults:4)
  3 monstrous demonspawn (Pan)
  3 quicksilver dragon skeletons
  6 hell beasts
  26 ice dragons
  8 spriggan air magi
  A merfolk avatar (Shoals:4)
  3 catoblepae
  An anaconda (shapeshifter) (Depths:4)
  A juggernaut simulacrum (Pan)
  2 anacondas
  8 centaur warriors
  A ghost crab (Tar:6)
  51 two-headed ogres
  8 death knights
  2 merfolk aquamancers (Shoals:4)
  7 deep troll shamans
  7 satyrs
  An alligator (Abyss:2)
  29 dancing weapons
  7 deep troll earth magi
  A catoblepas (shapeshifter) (Depths:4)
  15 ogre magi
  7 titan zombies
  8 thrashing horrors
  A death yak (shapeshifter) (Depths:4)
  8 tengu warriors
  3 spriggan berserkers
  3 vampire magi
  14 death scarabs (Tomb:2)
  19 hell hogs
  Sonja (D:13)
  Urug (Lair:2)
  2 death yaks
  A shock serpent (Depths:4)
  18 small abominations
  19 deep elf knights
  37 soul eaters
  4 spriggans
  3 orc high priests (Orc:2)
  Nergalle (D:10)
  5 wretched stars
  An iron golem (Depths:4)
  66 sun demons
  3 titan skeletons
  3 storm dragon zombies
  16 shadow wraiths
  43 hell knights
  9 iron trolls
  31 large abominations
  34 sixfirhies
  87 skeletal warriors
  2 ghost moth zombies
  18 cherubim (Pan)
  3 storm dragon skeletons
  11 shadow demons
  4 golden dragon zombies
  A spatial maelstrom (Abyss:3)
  6 infernal demonspawn (Pan)
  19 deep trolls
  7 wizards
  13 sea snakes
  3 torturous demonspawn
  11 unseen horrors
  6 glowing orange brains
  15 flayed ghosts
  A deep troll (shapeshifter) (Vaults:4)
  5 shadow dragon zombies
  5 gelid demonspawn
  27 harpies
  A swamp dragon (shapeshifter) (Depths:4)
  3 lindwurms (Depths:2)
  2 anaconda skeletons
  5 obsidian statues
  9 deep elf archers
  4 golden dragon skeletons
  23 phantasmal warriors
  7 wolf spider zombies
  8 anaconda zombies
  15 ironbrand convokers
  A harpy (shapeshifter) (Depths:4)
  2 oklob plants
  9 orb spiders
  17 orc knights
  9 cyclopes
  A mana viper (Abyss:2)
  43 deep elf magi
  5 iron dragon zombies
  52 ugly things
  A mana viper (shapeshifter) (Depths:2)
  19 necromancers
  A wolf spider (shapeshifter) (Depths:4)
  27 fauns
  A faun (shapeshifter) (Depths:4)
  8 frost giant zombies
  4 orc sorcerers (Orc:2)
  5 fire giant zombies
  2 shadow dragon skeletons
  A worldbinder (Abyss:2)
  5 stone giant zombies
  A cyclops (shapeshifter) (Elf:1)
  8 manticores
  2 moths of wrath (shapeshifter)
  7 iron dragon skeletons
  10 shining eyes
  28 moths of wrath
  4 stone giant skeletons
  36 wolf spiders
  Joseph (D:8)
  6 fire giant skeletons
  An elephant (shapeshifter) (Vaults:5)
  3 dire elephant zombies
  9 elephants
  9 vault sentinels
  2 shock serpent zombies
  8 merfolk sirens
  4 frost giant skeletons
  2 titan simulacra
  4 black mambas
  22 rust devils
  3 torpor snails
  3 apocalypse crabs
  2 eyes of devastation
  3 ice statues
  A water nymph (shapeshifter) (Depths:3)
  12 spiny frogs
  3 gargoyles
  2 water nymphs (Shoals:4)
  41 smoke demons
  17 hellions
  A storm dragon simulacrum (Crypt:1)
  A shock serpent skeleton (Geh:6)
  8 molten gargoyles
  20 orange demons
  A spiny frog (shapeshifter) (Vaults:4)
  10 rime drakes
  A kobold demonologist (D:15)
  5 komodo dragons
  2 emperor scorpion zombies
  A yellow draconian zombie (Crypt:2)
  6 dire elephant skeletons
  2 green draconian zombies
  33 ice devils
  20 demonic crawlers
  A yaktaur skeleton (Vaults:3)
  64 yaktaurs
  2 yaktaur zombies (Hell)
  A tengu conjurer (Depths:1)
  41 tormentors
  27 hellwings
  10 efreet
  33 guardian mummies
  33 freezing wraiths
  23 merfolk
  2 polar bears (shapeshifter)
  3 ancient zymes
  A silent spectre (Abyss:5)
  8 hydra zombies
  39 red devils
  3 catoblepas skeletons
  5 polar bears
  2 meliai (shapeshifter)
  6 meliai (D:15)
  An iron troll skeleton (Crypt:2)
  34 jumping spiders
  3 harpy zombies
  3 hydra skeletons
  8 trolls
  3 fire dragon zombies
  11 hornets
  A slime creature (shapeshifter) (Depths:4)
  2 tengu simulacra
  A harpy skeleton (Geh:2)
  7 ice dragon zombies
  11 blink frogs
  6 wind drakes
  12 hippogriffs
  88 slime creatures
  4 ettin zombies
  2 bog bodies (Crypt:3)
  7 dream sheep
  A blink frog (shapeshifter) (Vaults:4)
  10 raiju
  7 alligator zombies
  A hippogriff (shapeshifter) (Vaults:3)
  5 spriggan zombies
  2 centaur simulacra (D:12)
  2 black mamba zombies
  6 snapping turtles
  52 starcursed masses
  12 air elementals
  57 flying skulls
  4 fire dragon skeletons
  A spriggan (shapeshifter) (Depths:5)
  43 wraiths
  26 shadows
  A vampire (D:13)
  14 ynoxinuls
  6 ice dragon skeletons
  24 tarantellas
  A wind drake zombie (Crypt:2)
  A wyvern (Lair:5)
  4 ettin skeletons
  6 ushabtiu
  36 yaks
  A yak (shapeshifter) (Depths:1)
  87 redbacks
  5 basilisks
  31 fire elementals
  22 water elementals
  3 hogs (Spider:3)
  2 fire bats (Geh:2)
  8 golden eyes
  2 black mamba skeletons
  15 chaos spawn
  A steam dragon (D:9)
  5 hungry ghosts
  27 neqoxecs
  2 insubstantial wisps (Depths:4)
  A naga (Abyss:2)
  A faun zombie (Crypt:1)
  4 spiny frog zombies
  7 wargs
  A tengu zombie (Hell)
  61 hell hounds
  4 acid dragons
  A monstrous demonspawn skeleton (Crypt:2)
  11 porcupines
  6 water moccasins
  A deep troll skeleton (Crypt:3)
  2 floating eyes (Depths:1)
  5 spiny frog skeletons
  An infernal demonspawn skeleton (Geh:3)
  65 orc warriors
  A merfolk skeleton (Coc:2)
  Purgy (Sewer)
  8 sky beasts
  3 swamp drakes
  6 snapping turtle zombies
  26 ice beasts
  5 phantoms
  A torturous demonspawn skeleton (Crypt:3)
  4 black bears
  4 swamp dragon zombies
  A manticore zombie (Crypt:2)
  20 necrophages
  6 eyes of draining
  A hog zombie (Crypt:1)
  A boggart (shapeshifter) (Depths:2)
  38 ogres
  5 boggarts
  8 wolves
  A wolf (shapeshifter) (Depths:1)
  A lindwurm skeleton (Crypt:1)
  2 swamp dragon skeletons
  42 centaurs
  3 snapping turtle skeletons
  13 crocodiles
  A draconian zombie (Crypt:2)
  5 big kobolds
  A bullfrog (shapeshifter) (Vaults:3)
  Blork the orc (D:4)
  16 bullfrogs
  A rime drake skeleton (Crypt:2)
  A wyvern zombie (D:12)
  4 earth elementals
  2 spiny frog simulacra
  A hippogriff skeleton (Crypt:3)
  A human skeleton (Vaults:3)
  A shapeshifter zombie (Crypt:3)
  5 scorpions
  11 killer bees (D:11)
  57 wights
  A yak skeleton (Crypt:2)
  2 electric eels
  22 crimson imps
  7 quasits
  3 centaur zombies
  3 human zombies
  7 hounds
  29 orc priests
  4 jellies
  33 orc wizards
  9 centaur skeletons
  16 iron imps
  Jessica (D:3)
  4 bullfrog skeletons
  Ijyb (D:3)
  4 iguanas
  4 polar bear simulacra (Lair:6)
  9 worker ants
  2 killer bee zombies
  A spriggan simulacrum (Hell)
  A yak simulacrum (Lair:6)
  3 wolf simulacra (Lair:6)
  A naga zombie (Dis:5)
  A bullfrog simulacrum (D:12)
  An ogre skeleton (Geh:2)
  A crocodile skeleton (Crypt:1)
  A naga skeleton (Crypt:1)
  A hound skeleton (D:11)
  3 worker ant zombies
  34 mummies
  2 howler monkey skeletons
  7 gnolls (Bailey)
  21 adders
  A river rat (D:13)
  A steam dragon zombie (Crypt:2)
  12 shadow imps
  23 white imps
  6 ufetubi
  6 oozes
  2 adder skeletons
  2 adder zombies
  3 worms
  3 ball lightnings (Pan)
  A barachi skeleton (Crypt:3)
  3 dart slugs
  4 leopard geckos
  133 orcs
  5 giant cockroaches
  18 hobgoblins
  15 jackals
  A quokka (D:9)
  3 ball pythons
  A ball python zombie (Crypt:3)
  10 bats
  8 frilled lizards
  A giant cockroach zombie (Crypt:1)
  35 goblins
  30 kobolds
  A leopard gecko skeleton (D:5)
  An orc skeleton (Geh:7)
  7 rats
  3 river rat simulacra (Lair:6)
  A river rat skeleton (Crypt:1)
  A bush (Lair:2)
  2 fire vortices
  2 fungi (Depths:2)
  9 plants
  6 starspawn tentacles
  6 tentacles
  A withered plant (Shoals:1)
4667 creatures vanquished.

Vanquished Creatures (collateral kills)
  3 orb spiders
  A neqoxec (Depths:1)
4 creatures vanquished.

Vanquished Creatures (others)
  An Orb Guardian (Tomb:2)
  An Executioner (Tomb:2)
  An ancient champion (Tomb:2)
  A shadow dragon (Vaults:5)
  A fire giant (Vaults:3)
  3 bennus (Tomb:2)
  A lorocyproca (WizLab)
  A green death (Pan)
  An ice dragon (Coc:7)
  3 death scarabs (Tomb:2)
  A soul eater (Hell)
  A hell hog (Tomb:3)
  2 skeletal warriors
  2 wizards (Pan)
  A necromancer (Geh:5)
  2 deep elf magi
  A moth of wrath (Zot:5)
  A fire giant skeleton (Tomb:2)
  A rust devil (Tomb:2)
  An orange demon (Tomb:2)
  A torpor snail (Abyss:2)
  A gargoyle (Depths:4)
  3 smoke demons
  A dire elephant skeleton (Geh:6)
  A hellion (Geh:7)
  An ice devil (Tomb:2)
  A red devil (Geh:2)
  A raiju (Abyss:4)
  A wraith (Coc:7)
  3 flying skulls (Tomb:2)
  A shadow (Geh:2)
  A tarantella (Spider:3)
  3 water elementals
  6 golden eyes (Tomb:2)
  A neqoxec (Abyss:5)
  A fire elemental (Depths:4)
  A warg (shapeshifter) (Depths:3)
  A chaos spawn (Tomb:2)
  A small abomination (Tomb:2)
  A swamp drake (Depths:2)
  An ogre (Vaults:3)
  A centaur (Shoals:2)
  A quasit (Tomb:3)
  An orc priest (Vaults:5)
  4 mummies
  A white imp (Coc:7)
  14 ball lightnings
  2 orcs (Vaults:5)
  19 fungi
  47 plants
  2 snaplasher vines
  14 starspawn tentacles
  16 tentacles
181 creatures vanquished.

Grand Total: 4852 creatures vanquished

Notes
Turn   | Place    | Note
-------+----------+-------------------------------------------
     0 | D:1      | inmateoo the Minotaur Fighter began the quest for the Orb.
     0 | D:1      | Reached XP level 1. HP: 19/19 MP: 0/0
    85 | D:1      | Reached XP level 2. HP: 19/26 MP: 1/1
   493 | D:2      | Reached XP level 3. HP: 27/31 MP: 2/2
   848 | D:2      | Reached XP level 4. HP: 31/39 MP: 3/3
   924 | D:2      | Found a deep blue altar of Sif Muna.
  1041 | D:2      | Reached skill level 5 in Unarmed Combat
  1335 | D:3      | Found a glowing drain.
  1375 | Sewer    | Entered a sewer
  1443 | Sewer    | Noticed Purgy
  1451 | Sewer    | Killed Purgy
  1451 | Sewer    | Reached XP level 5. HP: 45/45 MP: 4/4
  1800 | D:3      | Noticed Jessica
  1806 | D:3      | Killed Jessica
  1806 | D:3      | Reached XP level 6. HP: 48/51 MP: 5/5
  1835 | D:3      | Found a glowing golden altar of the Shining One.
  1992 | D:3      | Noticed Ijyb
  2004 | D:3      | Killed Ijyb
  2346 | D:4      | Got a pair of faintly glowing gloves
  2352 | D:4      | Identified the +1 pair of gloves of Pessimism {rF+ Str+5 Dex-3} (You found it on level 4 of the Dungeon)
  2375 | D:4      | Noticed Blork the orc
  2388 | D:4      | Killed Blork the orc
  2465 | D:4      | Gained mutation: You have large cloven feet. [potion of mutation]
  2465 | D:4      | Gained mutation: You do not regenerate when monsters are visible. [potion of mutation]
  2465 | D:4      | Gained mutation: You are resistant to hostile enchantments. (MR+) [potion of mutation]
  2466 | D:4      | Lost mutation: You are resistant to hostile enchantments. (MR+) [potion of mutation]
  2466 | D:4      | Lost mutation: You do not regenerate when monsters are visible. [potion of mutation]
  2466 | D:4      | Gained mutation: Your body sometimes deteriorates upon taking damage. [potion of mutation]
  2466 | D:4      | Gained mutation: You are partially covered in large bone plates. (SH +4) [potion of mutation]
  2504 | D:4      | Reached XP level 7. HP: 57/57 MP: 6/6
  2541 | D:4      | Found a burning altar of Makhleb.
  2876 | D:5      | Entered Level 5 of the Dungeon
  3131 | D:5      | Reached skill level 10 in Unarmed Combat
  3148 | D:5      | Reached XP level 8. HP: 57/64 MP: 7/7
  3410 | D:5      | Found a bloodstained altar of Trog.
  3787 | D:6      | Found a shattered altar of Ashenzari.
  3806 | D:6      | Found a staircase to the Ecumenical Temple.
  3821 | Temple   | Entered the Ecumenical Temple
  4307 | D:7      | Reached skill level 1 in Dodging
  4361 | D:7      | Found Tullef's Armour Boutique.
  4366 | D:7      | Bought the cursed +0 buckler of the Trombone {MP-9 Int+2 Slay+3} for 76 gold pieces
  4483 | D:7      | Reached XP level 9. HP: 68/72 MP: 0/8
  4692 | D:8      | Found a staircase to the Lair.
  4692 | D:8      | Noticed a cyclops
  4712 | D:8      | Killed a cyclops
  4712 | D:8      | Reached skill level 5 in Fighting
  4712 | D:8      | Reached skill level 5 in Armour
  4964 | D:8      | Noticed Joseph
  4981 | D:8      | Killed Joseph
  5070 | D:8      | Reached skill level 5 in Dodging
  5128 | D:8      | Reached XP level 10. HP: 83/84 MP: 0/9
  5441 | D:8      | Got a crude bronze ring
  5566 | D:8      | Found a snail-covered altar of Cheibriados.
  5576 | D:8      | Became a worshipper of Cheibriados the Contemplative
  5677 | D:9      | Reached skill level 1 in Invocations
  5750 | D:9      | Killed an unseen horror
  5888 | D:9      | Reached * piety under Cheibriados
  5903 | D:9      | Identified the ring of Okawaru's Hope {Ice rPois rN+ Str+4 Slay+2} (You found it on level 8 of the Dungeon)
  6200 | D:9      | Reached ** piety under Cheibriados
  6409 | D:10     | Entered Level 10 of the Dungeon
  6423 | D:10     | Learned a level 3 spell: Regeneration
  6429 | D:10     | Learned a level 5 spell: Blade Hands
  6434 | D:10     | Noticed a two-headed ogre
  6439 | D:10     | Killed a two-headed ogre
  6493 | D:10     | Reached XP level 11. HP: 95/95 MP: 4/13
  6524 | D:10     | Found a stormy altar of Qazlal.
  6677 | D:10     | Noticed Josephine
  6696 | D:10     | Killed Josephine
  6696 | D:10     | Reached skill level 1 in Necromancy
  6701 | D:10     | Reached skill level 1 in Spellcasting
  6707 | D:10     | Reached skill level 1 in Charms
  6807 | D:10     | Noticed Nergalle
  6815 | D:10     | Killed Nergalle
  6815 | D:10     | Reached *** piety under Cheibriados
  6900 | D:10     | Noticed Erolcha
  6903 | D:10     | Killed Erolcha
  7323 | D:11     | Found Kowolene's Antique Weapon Shop.
  7340 | D:11     | Reached **** piety under Cheibriados
  7350 | D:11     | Reached skill level 5 in Invocations
  7373 | D:11     | Noticed a two-headed ogre
  7378 | D:11     | Noticed a cyan ugly thing
  7381 | D:11     | Killed a two-headed ogre
  7390 | D:11     | Killed a cyan ugly thing
  7593 | D:11     | Found a staircase to the Orcish Mines.
  7637 | D:12     | Reached ***** piety under Cheibriados
  7652 | D:12     | Reached XP level 12. HP: 90/106 MP: 5/14
  7740 | D:12     | Found a frozen archway.
  7765 | IceCv    | Entered an ice cave
  7772 | IceCv    | Reached skill level 10 in Fighting
  7776 | IceCv    | Learned a level 2 spell: Song of Slaying
  7779 | IceCv    | Learned a level 2 spell: Shroud of Golubria
  7782 | IceCv    | Learned a level 2 spell: Blink
  7887 | IceCv    | Reached skill level 1 in Transmutations
  7955 | IceCv    | Noticed an ice dragon
  7955 | IceCv    | Noticed an ice dragon
  7962 | IceCv    | Killed an ice dragon
  7966 | IceCv    | Killed an ice dragon
  7969 | IceCv    | Found the ring of the Octopus King
  8014 | IceCv    | Got a ring of the Octopus King
  8082 | D:12     | Identified a ring of the Octopus King {AC+1 EV+1 Str+1 Int+1 Dex+1 Stlth+} (You found it in an ice cave)
  8262 | D:12     | Noticed a death yak
  8268 | D:12     | Killed a death yak
  8293 | D:12     | Reached ****** piety under Cheibriados
  8387 | D:12     | Noticed a tengu warrior
  8392 | D:12     | Killed a tengu warrior
  8699 | D:13     | Noticed a centaur warrior
  8703 | D:13     | Killed a centaur warrior
  8703 | D:13     | Reached XP level 13. HP: 113/113 MP: 7/16
  8759 | D:13     | Reached skill level 10 in Dodging
  8766 | D:13     | Noticed Sonja
  8774 | D:13     | Killed Sonja
  9013 | D:13     | Found a portal to a secret trove of treasure.
  9035 | D:13     | Found a runed door.
  9035 | D:13     | Found a shimmering altar of Xom.
  9035 | D:13     | Noticed EnegeticOcto's ghost (journeyman MiBe)
  9050 | D:13     | Killed EnegeticOcto's ghost
  9064 | D:13     | Got a fine broad axe {chaos}
  9373 | D:13     | Reached skill level 5 in Transmutations
  9641 | D:14     | Found a flagged portal.
  9708 | Bailey   | Entered a bailey
  9902 | Bailey   | Noticed an orc warlord
  9919 | Bailey   | Killed an orc warlord
  9967 | Bailey   | Identified a scroll of acquirement
 10015 | D:14     | Reached skill level 15 in Unarmed Combat
 10030 | D:14     | Found a gate to the Vaults.
 10136 | D:14     | Found a shimmering altar of Xom.
 10195 | D:14     | Noticed Roxanne
 10257 | D:14     | Killed Roxanne
 10257 | D:14     | Reached XP level 14. HP: 54/121 MP: 10/19
 10268 | D:14     | Learned a level 6 spell: Statue Form
 10371 | D:14     | Found Cupt's Assorted Antiques.
 10380 | D:14     | Bought a scroll of identify for 42 gold pieces
 10380 | D:14     | Bought a sapphire-encrusted scale mail for 189 gold pieces
 10380 | D:14     | Bought a scroll of teleportation for 63 gold pieces
 10380 | D:14     | Bought a scroll of remove curse for 63 gold pieces
 10383 | D:14     | Identified the +1 scale mail of the Desert {rF++ rCorr Str-5 Stlth+} (You bought it in a shop on level 14 of the Dungeon)
 10397 | D:14     | Reached skill level 5 in Earth Magic
 10397 | D:14     | Reached XP level 15. HP: 126/126 MP: 11/20
 10533 | D:15     | Entered Level 15 of the Dungeon
 10743 | D:15     | Reached skill level 5 in Necromancy
 11286 | D:15     | Found a runed door.
 11366 | D:15     | Found an ornate altar of the Wu Jian Council.
 11369 | D:15     | Paralysed by a wizard for 2 turns
 11705 | D:15     | Found a staircase to the Depths.
 11799 | D:15     | Noticed Elod's ghost (adept GrFi)
 11820 | D:15     | Killed Elod's ghost
 12007 | Lair:1   | Entered Level 1 of the Lair of Beasts
 12722 | Lair:2   | Reached skill level 5 in Spellcasting
 12893 | Lair:2   | Noticed Urug
 12900 | Lair:2   | Killed Urug
 13694 | Lair:3   | Found a staircase to the Shoals.
 13785 | Lair:3   | Found a hole to the Spider Nest.
 13787 | Lair:3   | Found a shimmering altar of Xom.
 13889 | Lair:3   | Reached skill level 5 in Charms
 15750 | Lair:6   | Entered Level 6 of the Lair of Beasts
 15840 | Lair:6   | Found a staircase to the Slime Pits.
 15887 | Lair:6   | Noticed Snorg
 15892 | Lair:6   | Killed Snorg
 15915 | Lair:6   | Found a transporter.
 15933 | Lair:6   | Noticed Urphep's ghost (journeyman MfGl)
 16187 | Lair:6   | Found a transporter.
 16628 | Lair:6   | Reached XP level 16. HP: 19/134 MP: 14/23
 17032 | Lair:6   | Killed Urphep's ghost
 17333 | Orc:1    | Entered Level 1 of the Orcish Mines
 17625 | Orc:2    | Entered Level 2 of the Orcish Mines
 18068 | Orc:2    | Found a roughly hewn altar of Beogh.
 18284 | Orc:2    | Noticed Azrael
 18308 | Orc:2    | Killed Azrael
 18312 | Orc:2    | Found a staircase to the Elven Halls.
 18673 | Orc:2    | Found Qotoefuys's Antique Armour Shop.
 18674 | Orc:2    | Found Oczuul's Antique Weapon Boutique.
 18676 | Orc:2    | Found Iczuif's General Store.
 18676 | Orc:2    | Found Vaojus's Jewellery Shop.
 18896 | Orc:2    | Bought a scroll of acquirement for 780 gold pieces
 18902 | Orc:2    | Got a pair of ichor-stained boots
 18972 | Orc:2    | Identified the +1 pair of boots of the New World {MP+9 Dex+4} (You acquired it on level 2 of the Orcish Mines)
 18976 | Orc:2    | Bought an uncursed ring of see invisible for 225 gold pieces
 18976 | Orc:2    | Bought an uncursed ring of wizardry for 450 gold pieces
 18976 | Orc:2    | Bought an uncursed ring of protection from fire for 375 gold pieces
 19267 | Spider:1 | Entered Level 1 of the Spider Nest
 19350 | Spider:1 | Reached skill level 10 in Transmutations
 19482 | Spider:1 | Noticed Agnes
 19498 | Spider:1 | Killed Agnes
 19888 | Spider:2 | Noticed Arachne
 19911 | Spider:2 | Killed Arachne
 19915 | Spider:2 | Reached XP level 17. HP: 138/140 MP: 15/26
 19978 | Spider:2 | Found a runed door.
 19979 | Spider:2 | Noticed Deguic's ghost (journeyman GrFi)
 20270 | Spider:2 | Killed Deguic's ghost
 20270 | Spider:2 | Reached skill level 10 in Earth Magic
 20474 | Spider:3 | Reached skill level 1 in Evocations
 20594 | Spider:3 | Noticed Kirke
 20602 | Spider:3 | Killed Kirke
 20862 | Spider:3 | Found the +3 pair of gauntlets of War {Slay+5}
 21199 | Spider:4 | Entered Level 4 of the Spider Nest
 21335 | Spider:4 | Noticed Asterion
 21357 | Spider:4 | Killed Asterion
 22346 | Spider:4 | Got a gossamer rune of Zot
 22712 | Elf:1    | Entered Level 1 of the Elven Halls
 22737 | Elf:1    | Noticed Lew's ghost (journeyman HOFi)
 22741 | Elf:1    | Found a transporter.
 22778 | Elf:1    | Reached XP level 18. HP: 147/147 MP: 19/28
 22923 | Elf:1    | Found a transporter.
 22932 | Elf:1    | You fall through a shaft!
 23062 | Elf:2    | Found a runed gate.
 23062 | Elf:2    | Found a runed gate.
 23064 | Elf:2    | Found a runed gate.
 23163 | Elf:2    | Found Moiryn's Antique Armour Emporium.
 23174 | Elf:2    | Bought a runed shield for 195 gold pieces
 23709 | Elf:1    | Found Geluw's Assorted Antiques.
 23712 | Elf:1    | Bought a potion of agility for 120 gold pieces
 23791 | Elf:1    | Reached skill level 5 in Shields
 23797 | Elf:1    | Killed Lew's ghost
 23802 | Elf:1    | Reached skill level 5 in Evocations
 23905 | Elf:3    | Entered Level 3 of the Elven Halls
 24550 | Elf:3    | Reached skill level 10 in Shields
 24558 | Elf:3    | Reached XP level 19. HP: 90/154 MP: 14/31
 24758 | Elf:3    | Identified the cursed +0 pair of gloves "Imaongum" {rElec} (You found it on level 3 of the Elven Halls)
 24817 | Elf:3    | Identified the Papyrus of Translocation and Shape Shifting
 24823 | Elf:3    | Identified the ring of Vehumet's Condemnation {Slay+3 Stlth-} (You found it on level 3 of the Elven Halls)
 24927 | Elf:3    | Got a fine graven amulet
 25303 | Vaults:1 | Entered Level 1 of the Vaults
 25596 | Vaults:1 | Found a flickering gateway to a bazaar.
 25654 | Bazaar   | Entered a bazaar
 25660 | Bazaar   | Found Lysioppi's Jewellery Shop.
 25686 | Bazaar   | Found Othreheip's Book Shop.
 26120 | Vaults:1 | Reached skill level 10 in Spellcasting
 26782 | Vaults:2 | Learned a level 1 spell: Apportation
 26796 | Vaults:2 | Found a magical portal.
 26805 | WizLab   | Entered The Hall of the Hellbinder
 26806 | WizLab   | Identified the amulet "Cuosch" {Spirit MR+ Str+4} (You took it off a deep elf annihilator on level 3 of the Elven Halls)
 27282 | WizLab   | Learned a level 6 spell: Deflect Missiles
 27343 | WizLab   | Reached skill level 1 in Translocations
 27351 | WizLab   | Found a burning altar of Makhleb.
 27366 | WizLab   | Noticed Bijumias
 27379 | WizLab   | Killed Bijumias the Hellbinder
 27386 | WizLab   | Identified Huateu's Incunabulum of Combat Magic
 27410 | WizLab   | Identified the Grimoire of Summoning
 27800 | Vaults:2 | Found a runed door.
 27800 | Vaults:2 | Noticed Ysaheo's ghost (adept MfSk)
 27833 | Vaults:2 | Killed Ysaheo's ghost
 27833 | Vaults:2 | Reached skill level 1 in Air Magic
 27833 | Vaults:2 | Reached XP level 20. HP: 162/162 MP: 33/33
 28709 | Vaults:3 | Noticed Mara
 28713 | Vaults:3 | Killed Mara
 29210 | Vaults:3 | Found a staircase to the Crypt.
 29410 | Vaults:3 | Found Nimuipla's Food Emporium.
 30337 | Vaults:5 | Entered Level 5 of the Vaults
 30339 | Vaults:5 | Noticed a golden dragon
 30354 | Vaults:4 | Reached XP level 21. HP: 172/172 MP: 21/34
 30436 | Vaults:5 | Noticed a golden dragon
 30490 | Vaults:5 | Killed a golden dragon
 30500 | Vaults:4 | Killed a golden dragon
 30592 | Vaults:5 | Noticed an ancient lich
 30598 | Vaults:5 | Killed an ancient lich
 30634 | Vaults:5 | Found the +0 pair of fencer's gloves {+Riposte Dex+3}
 30653 | Vaults:5 | Noticed a golden dragon
 30659 | Vaults:5 | Killed a golden dragon
 30680 | Vaults:5 | Got a silver rune of Zot
 31142 | Vaults:5 | Reached XP level 22. HP: 183/183 MP: 30/35
 31143 | Vaults:5 | Noticed a golden dragon
 31146 | Vaults:5 | Noticed Jory
 31149 | Vaults:5 | Killed a golden dragon
 31158 | Vaults:5 | Killed Jory
 31277 | Vaults:5 | Paralysed by a sphinx for 2 turns
 31325 | Vaults:5 | Reached skill level 5 in Translocations
 31573 | Vaults:5 | Got a vibrating lapis lazuli ring
 31574 | Vaults:5 | Identified the ring "Kiamum" {*Corrode rElec rF+++ MP+9 Str-5} (You found it on level 5 of the Vaults)
 31699 | Vaults:5 | Found Poguse's Food Shop.
 31837 | Crypt:1  | Entered Level 1 of the Crypt
 31840 | Crypt:1  | Reached skill level 10 in Invocations
 32087 | Crypt:1  | Reached skill level 5 in Air Magic
 32088 | Crypt:1  | Noticed Frederick
 32093 | Crypt:1  | Killed Frederick
 33047 | Crypt:3  | Entered Level 3 of the Crypt
 33047 | Crypt:3  | Found a staircase to the Tomb.
 33104 | Crypt:3  | Found the +6 shillelagh "Devastator" {shatter}
 33166 | Crypt:3  | Found a runed door.
 33166 | Crypt:3  | Noticed Bezeit's ghost (master MiMo)
 33183 | Crypt:3  | Killed Bezeit's ghost
 33334 | Crypt:3  | Reached XP level 23. HP: 192/192 MP: 37/37
 33391 | Crypt:3  | Noticed an ancient lich
 33401 | Crypt:3  | Killed an ancient lich
 33411 | Crypt:3  | Noticed an ancient lich
 33419 | Crypt:3  | Killed an ancient lich
 33428 | Crypt:3  | Identified the Almanac of the Dark Compass
 33481 | Crypt:3  | Identified the amulet "Qineud" {RegenMP rC++ Int+2 Dex-3} (You found it on level 3 of the Crypt)
 33484 | Crypt:3  | Identified the ring of Xom's Esteem {Wiz Str+7 Stlth+} (You found it on level 3 of the Crypt)
 33491 | Crypt:3  | Identified the ring "Hosuvodgh" {*Drain rF+ rN+ MP+9 Str+3} (You found it on level 3 of the Crypt)
 34340 | Slime:1  | Entered Level 1 of the Pits of Slime
 34363 | Slime:1  | Gained mutation: Your spells are a little easier to cast, but a little less powerful. [a shining eye]
 34364 | Slime:1  | Gained mutation: Your magical capacity is low. (-10% MP) [a shining eye]
 34426 | Slime:2  | Gained mutation: Your body often deteriorates upon taking damage. [a shining eye]
 34426 | Slime:2  | Gained mutation: You are dopey. (Int -2) [a shining eye]
 34667 | Slime:4  | Gained mutation: You are weak. (Str -2) [a shining eye]
 34670 | Slime:4  | Gained mutation: You are very dopey. (Int -4) [a shining eye]
 34685 | Slime:5  | Entered Level 5 of the Pits of Slime
 34775 | Slime:5  | Gained mutation: You occasionally shout uncontrollably at your foes. [a shining eye]
 34776 | Slime:5  | Gained mutation: Armour fits poorly on your strangely shaped body. [a shining eye]
 34779 | Slime:5  | Gained mutation: You are very weak. (Str -4) [a shining eye]
 34786 | Slime:5  | Lost mutation: You are very weak. (Str -4) [potion of mutation]
 34786 | Slime:5  | Lost mutation: Your spells are a little easier to cast, but a little less powerful. [potion of mutation]
 34786 | Slime:5  | Lost mutation: You are weak. (Str -2) [potion of mutation]
 34786 | Slime:5  | Gained mutation: Your flesh is heat resistant. (rF+) [potion of mutation]
 34786 | Slime:5  | Gained mutation: You have very sharp teeth. [potion of mutation]
 34787 | Slime:5  | Lost mutation: You occasionally shout uncontrollably at your foes. [potion of mutation]
 34787 | Slime:5  | Lost mutation: Your flesh is heat resistant. (rF+) [potion of mutation]
 34787 | Slime:5  | Lost mutation: Your body often deteriorates upon taking damage. [potion of mutation]
 34787 | Slime:5  | Gained mutation: Your magical capacity is very low. (-20% MP) [potion of mutation]
 34787 | Slime:5  | Gained mutation: You are resistant to hostile enchantments. (MR+) [potion of mutation]
 34787 | Slime:5  | Gained mutation: You have a pair of large horns on your head. [potion of mutation]
 34788 | Slime:5  | Noticed the Royal Jelly
 34796 | Slime:5  | Killed the Royal Jelly
 34834 | Slime:5  | Found the brooch of Shielding {Reflect SH+8}
 34926 | Slime:5  | Got a slimy rune of Zot
 34928 | Slime:5  | Got a sparkling ruby amulet
 34929 | Slime:5  | Identified the amulet "Jaklailo" {Harm *Drain rElec MR+ Int+4} (You found it on level 5 of the Pits of Slime)
 34984 | Slime:5  | Identified the amulet "Henidgh" {+Rage Int+4} (You found it on level 5 of the Pits of Slime)
 35166 | Shoals:1 | Entered Level 1 of the Shoals
 35930 | Shoals:2 | Found Migofut's Distillery.
 35949 | Shoals:2 | Bought a potion of mutation for 112 gold pieces
 35949 | Shoals:2 | Bought a potion of agility for 56 gold pieces
 35949 | Shoals:2 | Bought a potion of brilliance for 56 gold pieces
 35949 | Shoals:2 | Bought a potion of curing for 42 gold pieces
 35949 | Shoals:2 | Bought a potion of heal wounds for 70 gold pieces
 35953 | Shoals:2 | Bought a potion of brilliance for 56 gold pieces
 35969 | Shoals:2 | Learned a level 2 spell: Passwall
 35975 | Shoals:2 | Learned a level 5 spell: Summon Forest
 35985 | Shoals:2 | Learned a level 9 spell: Shatter
 36011 | Shoals:2 | Found a shadowy altar of Dithmenos.
 36286 | Shoals:2 | Reached XP level 24. HP: 204/204 MP: 30/30
 36958 | Shoals:4 | Entered Level 4 of the Shoals
 37182 | Shoals:4 | Noticed Ilsuiw
 37226 | Shoals:4 | Killed Ilsuiw
 37398 | Shoals:4 | Got a barnacled rune of Zot
 37943 | D:13     | Lost mutation: You are very dopey. (Int -4) [potion of mutation]
 37943 | D:13     | Lost mutation: Your body sometimes deteriorates upon taking damage. [potion of mutation]
 37943 | D:13     | Gained mutation: You are somewhat resistant to further mutation. [potion of mutation]
 38016 | Depths:1 | Entered Level 1 of the Depths
 38049 | Depths:1 | Found a gateway to Hell.
 38210 | Depths:1 | Reached skill level 15 in Fighting
 38250 | Depths:1 | Paralysed by a floating eye for 3 turns
 38262 | Depths:1 | Paralysed by a floating eye for 4 turns
 38352 | Depths:1 | Found the +3 giant club "Skullcrusher" {speed, Str+7}
 38881 | Depths:2 | Found Ahuchoet's Food Emporium.
 38884 | Depths:2 | Found Mesuoq's Assorted Antiques.
 38942 | Depths:2 | Bought a potion of heal wounds for 125 gold pieces
 38942 | Depths:2 | Bought a potion of brilliance for 100 gold pieces
 38983 | Depths:2 | Noticed the Enchantress
 38994 | Depths:2 | Killed the Enchantress
 38997 | Depths:2 | Reached XP level 25. HP: 213/213 MP: 30/30
 39010 | Depths:2 | Identified the +0 faerie dragon scales {rC+ rCorr Str+6} (You took it off the Enchantress on level 2 of the Depths)
 39016 | Depths:2 | Found a gateway to a ziggurat.
 39026 | Depths:2 | Reached skill level 15 in Dodging
 39676 | Depths:2 | Reached skill level 15 in Earth Magic
 39683 | Depths:2 | Identified the Handbook of Cloudy Aid
 39716 | Depths:2 | Identified the Catalogue of Supportive Fire
 39958 | Depths:3 | Reached skill level 10 in Charms
 39990 | Depths:3 | Found a one-way gate leading to the halls of Pandemonium.
 40001 | Depths:3 | Gained mutation: You tend to lose your temper in combat. [a neqoxec]
 40870 | Depths:4 | Learned a level 5 spell: Lee's Rapid Deconstruction
 41012 | Depths:4 | Noticed a juggernaut
 41012 | Depths:4 | a titan changed into a juggernaut
 41012 | Depths:4 | a juggernaut changed into a titan
 41014 | Depths:4 | Noticed a shard shrike
 41014 | Depths:4 | a titan changed into a shard shrike
 41015 | Depths:4 | a shard shrike changed into a titan
 41081 | Depths:4 | Found the cursed +13 scythe of Curses {drain, *Curse}
 41106 | Depths:4 | Reached XP level 26. HP: 222/222 MP: 31/31
 41162 | Depths:4 | Found a one-way gate to the infinite horrors of the Abyss.
 41200 | Depths:4 | Identified Jymal's Incunabulum of the Helpful Snowflakes
 41564 | Depths:5 | Entered Level 5 of the Depths
 41715 | Depths:5 | Found a stormy altar of Qazlal.
 41943 | Depths:5 | Lost mutation: You are resistant to hostile enchantments. (MR+) [potion of mutation]
 41943 | Depths:5 | Lost mutation: You are dopey. (Int -2) [potion of mutation]
 41944 | Depths:5 | Lost mutation: You have a pair of large horns on your head. [potion of mutation]
 41944 | Depths:5 | Lost mutation: You are somewhat resistant to further mutation. [potion of mutation]
 41944 | Depths:5 | Lost mutation: Armour fits poorly on your strangely shaped body. [potion of mutation]
 41944 | Depths:5 | Gained mutation: You are partially covered in yellow scales. (AC +2) [potion of mutation]
 41944 | Depths:5 | Gained mutation: Your spells are a little harder to cast, but a little more powerful. [potion of mutation]
 41945 | Depths:5 | Lost mutation: Your spells are a little harder to cast, but a little more powerful. [potion of mutation]
 41945 | Depths:5 | Lost mutation: Your magical capacity is very low. (-20% MP) [potion of mutation]
 41945 | Depths:5 | Lost mutation: You tend to lose your temper in combat. [potion of mutation]
 41945 | Depths:5 | Gained mutation: You possess an exceptional clarity of mind. [potion of mutation]
 41945 | Depths:5 | Gained mutation: You are robust. (+10% HP) [potion of mutation]
 42194 | Depths:5 | Found a runed door.
 42194 | Depths:5 | Found a runed door.
 42230 | Depths:5 | Found a runed door.
 42230 | Depths:5 | Found a runed door.
 42250 | Depths:5 | Found a runed door.
 42260 | Depths:5 | Found a runed door.
 42337 | Depths:5 | Found a gate to the Realm of Zot.
 42619 | Depths:5 | Found a runed door.
 42620 | Depths:5 | Noticed Heuceoga's ghost (adept OgFE)
 42932 | Depths:5 | Killed Heuceoga's ghost
 43046 | Pan      | Entered Pandemonium
 43078 | Pan      | Noticed Mennas
 43091 | Pan      | Killed Mennas
 43130 | Pan      | Noticed Musuacoi the pandemonium lord
 43135 | Pan      | Killed Musuacoi the pandemonium lord
 43216 | Pan      | Noticed Vawaqyt the pandemonium lord
 43224 | Pan      | Killed Vawaqyt the pandemonium lord
 43251 | Pan      | Entered the realm of Gloorx Vloq.
 43295 | Pan      | Noticed Gloorx Vloq
 43304 | Pan      | Killed Gloorx Vloq
 43352 | Pan      | Got a dark rune of Zot
 43444 | Pan      | Reached XP level 27. HP: 257/257 MP: 36/36
 43477 | Pan      | Found a runed door.
 43489 | Pan      | Found a runed door.
 43490 | Pan      | Found a runed door.
 43492 | Pan      | Noticed Kuraupew the pandemonium lord
 43492 | Pan      | Found a runed door.
 43501 | Pan      | Killed Kuraupew the pandemonium lord
 43526 | Pan      | Got a crude garnet amulet
 43527 | Pan      | Identified the amulet "Qatuk" {Gourm Slay+2} (You found it in Pandemonium)
 43800 | Pan      | Noticed Mijelu the pandemonium lord
 43806 | Pan      | Killed Mijelu the pandemonium lord
 43884 | Pan      | Identified the +0 hat of Royalty {*Drain rElec rC++ Int+3} (You acquired it in Pandemonium)
 44064 | Pan      | Entered the realm of Cerebov.
 44214 | Pan      | Noticed Cerebov
 44277 | Pan      | Killed Cerebov
 44293 | Pan      | Identified Vagehic's Papyrus of Aerial Protection
 44431 | Pan      | Got a fiery rune of Zot
 44582 | Pan      | Entered the realm of Lom Lobon.
 44582 | Pan      | Found an exit through the horrors of the Abyss.
 44830 | Pan      | Noticed Lom Lobon
 44840 | Pan      | Killed Lom Lobon
 44863 | Pan      | Got a magical rune of Zot
 45109 | Pan      | Noticed Lysi the pandemonium lord
 45177 | Pan      | Killed Lysi the pandemonium lord
 45375 | Pan      | Reached skill level 15 in Spellcasting
 45534 | Pan      | Entered the realm of Mnoleg.
 45542 | Pan      | Gained mutation: You are dopey. (Int -2) [a cacodemon]
 45548 | Pan      | Lost mutation: You possess an exceptional clarity of mind. [a neqoxec]
 45640 | Pan      | Gained mutation: Scrolls take you a little longer to read. [a cacodemon]
 45697 | Pan      | Noticed Mnoleg
 45699 | Pan      | Gained mutation: Your magical capacity is very low. (-20% MP) [Mnoleg's mutagenic touch]
 45699 | Pan      | Gained mutation: Scrolls take you longer to read. [a shining eye]
 45700 | Pan      | Gained mutation: You are clumsy. (Dex -2) [Mnoleg's mutagenic touch]
 45703 | Pan      | Gained mutation: You tend to lose your temper in combat. [a shining eye]
 45708 | Pan      | Killed Mnoleg
 45716 | Pan      | Got a glowing rune of Zot
 45750 | Pan      | Gained mutation: You occasionally shout uncontrollably at your foes. [a cacodemon]
 45793 | Pan      | Lost mutation: Scrolls take you longer to read. [potion of mutation]
 45793 | Pan      | Gained mutation: You are partially covered in iridescent scales. (AC +2) [potion of mutation]
 45794 | Pan      | Lost mutation: Scrolls take you a little longer to read. [potion of mutation]
 45794 | Pan      | Lost mutation: You are clumsy. (Dex -2) [potion of mutation]
 45794 | Pan      | Lost mutation: You are dopey. (Int -2) [potion of mutation]
 45794 | Pan      | Lost mutation: Your magical capacity is very low. (-20% MP) [potion of mutation]
 45794 | Pan      | Gained mutation: You are somewhat resistant to further mutation. [potion of mutation]
 45795 | Pan      | Lost mutation: You have large cloven feet. [potion of mutation]
 45795 | Pan      | Lost mutation: You occasionally shout uncontrollably at your foes. [potion of mutation]
 45795 | Pan      | Lost mutation: You are somewhat resistant to further mutation. [potion of mutation]
 45795 | Pan      | Lost mutation: You are partially covered in large bone plates. (SH +4) [potion of mutation]
 45795 | Pan      | Gained mutation: You are very robust. (+20% HP) [potion of mutation]
 45796 | Pan      | Lost mutation: Your magical capacity is low. (-10% MP) [potion of mutation]
 45796 | Pan      | Lost mutation: You tend to lose your temper in combat. [potion of mutation]
 45796 | Pan      | Lost mutation: You are partially covered in yellow scales. (AC +2) [potion of mutation]
 45796 | Pan      | Lost mutation: You are very robust. (+20% HP) [potion of mutation]
 45796 | Pan      | Gained mutation: You have large cloven feet. [potion of mutation]
 46298 | Pan      | Noticed a seraph
 46304 | Pan      | Killed a seraph
 46321 | Pan      | Found a glowing golden altar of the Shining One.
 46331 | Pan      | Got a demonic rune of Zot
 46339 | Pan      | Got a transparent granite ring
 46340 | Pan      | Identified the ring of Fufrom {Fire rPois Str+2} (You found it in Pandemonium)
 46358 | Pan      | Got a clouded golden ring
 46361 | Pan      | Identified the ring of Sujianom {rN+ Stlth+} (You found it in Pandemonium)
 46556 | Pan      | Found a glowing silver altar of Zin.
 46977 | Depths:3 | Escaped Pandemonium
 47142 | Depths:4 | Voluntarily entered the Abyss.
 47219 | Abyss:2  | Paralysed by accursed screaming for 1 turns
 47229 | Abyss:2  | Paralysed by accursed screaming for 1 turns
 47399 | Abyss:2  | Gained mutation: Scrolls take you a little longer to read. [a shining eye]
 47401 | Abyss:2  | Gained mutation: You are occasionally teleported next to monsters. [a shining eye]
 47451 | Abyss:2  | Found a corrupted altar of Lugonu.
 47568 | Abyss:2  | Reached skill level 15 in Shields
 47591 | Abyss:2  | Lost mutation: You are robust. (+10% HP) [a neqoxec]
 47681 | Abyss:2  | Found a corrupted altar of Lugonu.
 47782 | Abyss:3  | Gained mutation: You tend to lose your temper in combat. [a neqoxec]
 47802 | Abyss:3  | Gained mutation: Scrolls take you longer to read. [a neqoxec]
 48164 | Abyss:3  | Lost mutation: Scrolls take you longer to read. [potion of mutation]
 48164 | Abyss:3  | Lost mutation: Scrolls take you a little longer to read. [potion of mutation]
 48164 | Abyss:3  | Lost mutation: You are occasionally teleported next to monsters. [potion of mutation]
 48164 | Abyss:3  | Gained mutation: Your mind is acute. (Int +2) [potion of mutation]
 48164 | Abyss:3  | Gained mutation: Your flesh is cold resistant. (rC+) [potion of mutation]
 48164 | Abyss:3  | Gained mutation: Your mind is very acute. (Int +4) [potion of mutation]
 48225 | Abyss:3  | Found a corrupted altar of Lugonu.
 48394 | Abyss:5  | Entered Level 5 of the Abyss
 48394 | Abyss:5  | Found a corrupted altar of Lugonu.
 48413 | Abyss:5  | Found a corrupted altar of Lugonu.
 48416 | Abyss:5  | Paralysed by accursed screaming for 1 turns
 48476 | Abyss:5  | Paralysed by accursed screaming for 1 turns
 48550 | Abyss:5  | Got an abyssal rune of Zot
 48553 | Depths:4 | Escaped the Abyss
 48802 | D:13     | You showed the abyssal rune of Zot to enter a treasure trove
 48803 | Trove    | Entered a treasure trove
 48830 | Trove    | Got a vibrating lead ring
 48833 | Trove    | Identified the ring of Ucelicec {+Fly Dex+4 SInv} (You found it in a treasure trove)
 48836 | Trove    | Got a translucent iron amulet
 48837 | Trove    | Identified the amulet "Huovvic" {Reflect +Fly Str-5 Dex+3 Slay+5 SH+4} (You found it in a treasure trove)
 48861 | Trove    | Identified the +1 cloak of Evolution {-Tele +Inv rElec rPois} (You found it in a treasure trove)
 48863 | Trove    | Identified the +0 cloak "Xinwirek" {rPois Int+3 Dex-3} (You found it in a treasure trove)
 49001 | Hell     | Entered the Vestibule of Hell
 49001 | Hell     | Noticed Geryon
 49007 | Hell     | Noticed Murray
 49031 | Hell     | Killed Murray
 49039 | Hell     | Killed Geryon
 49102 | Hell     | Found a gateway to the decaying netherworld of Tartarus.
 49283 | Tar:1    | Entered Level 1 of Tartarus
 49955 | Tar:7    | Entered Level 7 of Tartarus
 50152 | Tar:7    | Noticed Ereshkigal
 50162 | Tar:7    | Killed Ereshkigal
 50199 | Tar:7    | Got a bone rune of Zot
 50274 | Hell     | Found a gateway to the ashen valley of Gehenna.
 50310 | Geh:1    | Entered Level 1 of Gehenna
 51205 | Geh:7    | Entered Level 7 of Gehenna
 51302 | Geh:7    | Found the amulet of Vitality {Regen+ HP+15}
 51337 | Geh:7    | Got an obsidian rune of Zot
 51352 | Geh:7    | Got a transparent bronze ring
 51353 | Geh:7    | Identified the cursed ring "Ongurolo" {rN++ AC-4} (You found it on level 7 of Gehenna)
 51360 | Geh:7    | Identified Heosuw's Guide on Ashen Heat
 51367 | Geh:7    | Noticed Asmodeus
 51374 | Geh:7    | Killed Asmodeus
 51477 | Hell     | Found a gateway to the freezing wastes of Cocytus.
 51500 | Coc:1    | Entered Level 1 of Cocytus
 51866 | Coc:7    | Entered Level 7 of Cocytus
 52060 | Coc:7    | Found the +6 lightning scales {run, rElec}
 52107 | Coc:7    | Noticed Antaeus
 52120 | Coc:7    | Killed Antaeus
 52137 | Coc:7    | Got an icy rune of Zot
 52246 | Hell     | Found a gateway to the Iron City of Dis.
 52265 | Dis:1    | Entered Level 1 of the Iron City of Dis
 52289 | Dis:1    | Gained mutation: You are frail. (-10% HP) [mutagenic glow]
 53160 | Dis:7    | Entered Level 7 of the Iron City of Dis
 53483 | Dis:7    | Noticed the Serpent of Hell
 53508 | Dis:7    | Reached skill level 27 in Dodging
 53517 | Dis:7    | Killed the Serpent of Hell
 53525 | Dis:7    | Lost mutation: You tend to lose your temper in combat. [potion of mutation]
 53525 | Dis:7    | Lost mutation: Your mind is very acute. (Int +4) [potion of mutation]
 53525 | Dis:7    | Lost mutation: You are frail. (-10% HP) [potion of mutation]
 53525 | Dis:7    | Gained mutation: You are agile. (Dex +2) [potion of mutation]
 53628 | Dis:7    | Noticed Dispater
 53638 | Dis:7    | Killed Dispater
 53642 | Dis:7    | Got a scintillating steel ring
 53648 | Dis:7    | Got an iron rune of Zot
 53649 | Dis:7    | Identified Sif Muna's Handbook of Moulding and the Arsonist
 53665 | Dis:7    | Identified the ring of Erebokk {*Drain rPois Slay+2 SInv} (You took it off Dispater on level 7 of the Iron City of Dis)
 53889 | Zot:1    | Entered Level 1 of the Realm of Zot
 53925 | Zot:1    | Noticed an orb of fire
 53938 | Zot:1    | Killed an orb of fire
 56113 | Zot:4    | Got a vibrating bone ring
 56114 | Zot:4    | Identified the ring "Zialeurr" {Fire rN+ Str-3 Dex+4} (You found it on level 4 of the Realm of Zot)
 56136 | Zot:4    | Got a fine silver amulet
 56137 | Zot:4    | Identified the amulet "Guwkyur" {Harm *Drain rC- Str+9 SInv} (You found it on level 4 of the Realm of Zot)
 56380 | Zot:4    | Noticed an orb of fire
 56380 | Zot:4    | Gained mutation: Armour fits poorly on your strangely shaped body. [an orb of fire]
 56386 | Zot:4    | Killed an orb of fire
 56575 | Zot:5    | Entered Level 5 of the Realm of Zot
 56585 | Zot:5    | Found Fewk's Changing Room.
 56851 | Zot:5    | Noticed an orb of fire
 56851 | Zot:5    | Noticed an orb of fire
 56852 | Zot:5    | Noticed an ancient lich
 56853 | Zot:5    | Noticed an ancient lich
 56860 | Zot:5    | Killed an orb of fire
 56862 | Zot:5    | Killed an ancient lich
 56865 | Zot:5    | Killed an orb of fire
 56871 | Zot:5    | Noticed an ancient lich
 56875 | Zot:5    | Killed an ancient lich
 56895 | Zot:5    | Reached skill level 27 in Fighting
 56902 | Zot:5    | Noticed an ancient lich
 56917 | Zot:5    | Killed an ancient lich
 57016 | Zot:5    | Noticed an orb of fire
 57022 | Zot:5    | Lost mutation: Your mind is acute. (Int +2) [an orb of fire]
 57026 | Zot:5    | Killed an orb of fire
 57026 | Zot:5    | Noticed an ancient lich
 57028 | Zot:5    | Noticed an ancient lich
 57030 | Zot:5    | Killed an ancient lich
 57042 | Zot:5    | Killed an ancient lich
 57044 | Zot:5    | Killed an ancient lich
 57111 | Zot:5    | Noticed an ancient lich
 57117 | Zot:5    | Killed an ancient lich
 57383 | Zot:5    | Noticed an ancient lich
 57388 | Zot:5    | Killed an ancient lich
 57507 | Zot:5    | Got the Orb of Zot
 57724 | Zot:1    | Gained mutation: Your magical capacity is low. (-10% MP) [a cacodemon]
 57730 | Zot:1    | Gained mutation: Scrolls take you a little longer to read. [a cacodemon]
 57732 | Zot:1    | Gained mutation: You are occasionally teleported next to monsters. [a cacodemon]
 57752 | Depths:5 | Noticed Miobaur the pandemonium lord
 57759 | Depths:5 | Killed Miobaur the pandemonium lord
 57877 | Depths:1 | Gained mutation: You are frail. (-10% HP) [a neqoxec]
 57880 | Depths:1 | Lost mutation: You are frail. (-10% HP) [potion of mutation]
 57880 | Depths:1 | Lost mutation: Armour fits poorly on your strangely shaped body. [potion of mutation]
 57880 | Depths:1 | Lost mutation: Your magical capacity is low. (-10% MP) [potion of mutation]
 57880 | Depths:1 | Gained mutation: Your spells are a little easier to cast, but a little less powerful. [potion of mutation]
 57880 | Depths:1 | Gained mutation: You occasionally shout uncontrollably at your foes. [potion of mutation]
 57880 | Depths:1 | Gained mutation: Your natural rate of healing is unusually fast. [potion of mutation]
 57881 | Depths:1 | Lost mutation: Your natural rate of healing is unusually fast. [potion of mutation]
 57881 | Depths:1 | Lost mutation: You are agile. (Dex +2) [potion of mutation]
 57881 | Depths:1 | Lost mutation: You are occasionally teleported next to monsters. [potion of mutation]
 57881 | Depths:1 | Gained mutation: You are partially covered in large bone plates. (SH +4) [potion of mutation]
 57881 | Depths:1 | Gained mutation: You are agile. (Dex +2) [potion of mutation]
 57882 | Depths:1 | Lost mutation: Your spells are a little easier to cast, but a little less powerful. [potion of mutation]
 57882 | Depths:1 | Lost mutation: Your flesh is cold resistant. (rC+) [potion of mutation]
 57882 | Depths:1 | Lost mutation: Scrolls take you a little longer to read. [potion of mutation]
 57882 | Depths:1 | Gained mutation: You are robust. (+10% HP) [potion of mutation]
 57882 | Depths:1 | Gained mutation: You have hoof-like feet. [potion of mutation]
 57882 | Depths:1 | Gained mutation: You can translocate small distances at will. [potion of mutation]
 57932 | Depths:1 | Learned a level 6 spell: Iron Shot
 58201 | Tomb:1   | Entered Level 1 of the Tomb of the Ancients
 58277 | Tomb:1   | Noticed a greater mummy
 58277 | Tomb:1   | Noticed a greater mummy
 58281 | Tomb:1   | Noticed a greater mummy
 58286 | Tomb:1   | Killed a greater mummy
 58291 | Tomb:1   | Killed a greater mummy
 58296 | Tomb:1   | Noticed a greater mummy
 58302 | Tomb:1   | Killed a greater mummy
 58330 | Tomb:1   | Noticed Tom Poal the pandemonium lord
 58345 | Tomb:1   | Killed Tom Poal the pandemonium lord
 58361 | Tomb:1   | HP: 17/390 [guardian mummy's death curse (29)]
 58372 | Tomb:1   | Noticed Cecvahil the pandemonium lord
 58377 | Tomb:1   | Noticed a greater mummy
 58377 | Tomb:1   | Noticed a greater mummy
 58378 | Tomb:1   | Noticed a greater mummy
 58378 | Tomb:1   | Noticed a greater mummy
 58387 | Tomb:1   | Noticed a greater mummy
 58390 | Tomb:1   | Noticed a greater mummy
 58392 | Tomb:1   | Killed a greater mummy
 58393 | Tomb:1   | Noticed a greater mummy
 58393 | Tomb:1   | Noticed a greater mummy
 58399 | Tomb:1   | Killed a greater mummy
 58401 | Tomb:1   | Killed a greater mummy
 58401 | Tomb:1   | Noticed a greater mummy
 58403 | Tomb:1   | Killed a greater mummy
 58414 | Tomb:1   | Killed a greater mummy
 58439 | Tomb:1   | Noticed a greater mummy
 58445 | Tomb:1   | Killed a greater mummy
 58542 | Tomb:2   | Noticed a greater mummy
 58542 | Tomb:2   | Noticed an ancient lich
 58543 | Tomb:2   | Noticed a greater mummy
 58620 | Tomb:2   | Killed a greater mummy
 58626 | Tomb:2   | Noticed a seraph
 58636 | Tomb:2   | Noticed a greater mummy
 58639 | Tomb:2   | Killed a seraph
 58640 | Tomb:2   | Killed a greater mummy
 58643 | Tomb:2   | Killed an ancient lich
 58645 | Tomb:2   | Noticed Lumudaaw the pandemonium lord
 58667 | Tomb:2   | Killed a greater mummy
 58672 | Tomb:2   | Killed Lumudaaw the pandemonium lord
 58788 | Tomb:2   | Noticed Hoerch the pandemonium lord
 58788 | Tomb:2   | Noticed an ancient lich
 58793 | Tomb:2   | Killed an ancient lich
 58804 | Tomb:2   | Killed Hoerch the pandemonium lord
 58843 | Tomb:2   | Noticed Ecoos the pandemonium lord
 58856 | Tomb:2   | Killed Ecoos the pandemonium lord
 58856 | Tomb:2   | Reached skill level 27 in Earth Magic
 58876 | Tomb:2   | Gained mutation: You are weak. (Str -2) [a neqoxec]
 58877 | Tomb:2   | Gained mutation: You are occasionally teleported next to monsters. [a neqoxec]
 58883 | Tomb:2   | Lost mutation: You are occasionally teleported next to monsters. [potion of mutation]
 58883 | Tomb:2   | Lost mutation: You have hoof-like feet. [potion of mutation]
 58883 | Tomb:2   | Lost mutation: You can translocate small distances at will. [potion of mutation]
 58883 | Tomb:2   | Gained mutation: Your mind is acute. (Int +2) [potion of mutation]
 59065 | Tomb:2   | Noticed Owinlato the pandemonium lord
 59073 | Tomb:2   | Killed Owinlato the pandemonium lord
 59141 | Tomb:3   | Entered Level 3 of the Tomb of the Ancients
 59149 | Tomb:3   | Noticed a greater mummy
 59165 | Tomb:3   | Noticed a greater mummy
 59168 | Tomb:3   | Killed a greater mummy
 59168 | Tomb:3   | Reached skill level 27 in Unarmed Combat
 59169 | Tomb:3   | Noticed a greater mummy
 59172 | Tomb:3   | Noticed a greater mummy
 59217 | Tomb:3   | Noticed a greater mummy
 59223 | Tomb:3   | Killed a greater mummy
 59234 | Tomb:3   | Killed a greater mummy
 59236 | Tomb:3   | Noticed an ancient lich
 59238 | Tomb:3   | Killed an ancient lich
 59248 | Tomb:3   | Noticed a greater mummy
 59251 | Tomb:3   | Noticed a greater mummy
 59256 | Tomb:3   | Killed a greater mummy
 59260 | Tomb:3   | Killed a greater mummy
 59263 | Tomb:3   | Noticed a greater mummy
 59276 | Tomb:3   | HP: 16/390 [infernal warmonger/glaive of protection (19)]
 59276 | Tomb:3   | HP: 6/390 [smoke demon/divine providence (8)]
 59277 | Tomb:3   | Slain by an infernal warmonger

Skill      XL: |  1  2  3  4  5  6  7  8  9 10 11 12 13 14 15 16 17 18 19 20 21 22 23 24 25 26 27 |
---------------+----------------------------------------------------------------------------------+-----
Unarmed Combat | 3 4 6 7 8 10 12 13 14 15 16 17 18 19 21 22 23 27 | 27.0
Fighting       | 4 6 8 9 10 11 12 13 14 15 16 27 | 27.0
Armour         | 4 6 7 8 |  8.0
Dodging        | 1 5 6 8 9 10 11 12 13 14 15 16 27 | 27.0
Invocations    | 4 5 6 7 8 9 10 | 10.0
Shields        | 4 11 13 14 17 | 17.0
Necromancy     | 2 3 4 5 |  5.0
Spellcasting   | 2 3 4 5 6 7 9 10 11 12 13 14 18 | 18.6
Charms         | 2 3 4 5 6 7 8 9 10 | 10.0
Transmutations | 3 6 8 10 11 12 | 12.0
Earth Magic    | 5 7 9 11 12 13 14 16 27 | 27.0
Evocations     | 4 5 |  5.0
Translocations | 1 3 4 5 |  5.0
Air Magic      | 1 3 4 5 6 |  6.0

Action                   |  1- 3 |  4- 6 |  7- 9 | 10-12 | 13-15 | 16-18 | 19-21 | 22-24 | 25-27 || total
-------------------------+-------+-------+-------+-------+-------+-------+-------+-------+-------++-------
Melee: Unarmed           |   120 |   129 |   222 |   435 |   558 |   740 |   840 |  1077 |  4260 ||  8381
       Headbutt          |    11 |    18 |    35 |   133 |   191 |   201 |   253 |   310 |  1165 ||  2317
       Kick              |       |       |       |       |       |   121 |   235 |   323 |  1545 ||  2224
       Bite              |       |       |       |       |       |       |       |    67 |   648 ||   715
 Cast: Regeneration      |       |       |       |       |     3 |    32 |    28 |    20 |   217 ||   300
       Song of Slaying   |       |       |       |       |     2 |       |       |       |       ||     2
       Statue Form       |       |       |       |       |       |    36 |    48 |    70 |   280 ||   434
       Apportation       |       |       |       |       |       |       |     2 |       |     2 ||     4
       Deflect Missiles  |       |       |       |       |       |       |       |     4 |    21 ||    25
       Lee's Rapid Decon |       |       |       |       |       |       |       |       |     5 ||     5
       Summon Forest     |       |       |       |       |       |       |       |       |     2 ||     2
       Shatter           |       |       |       |       |       |       |       |       |    21 ||    21
       Blink             |       |       |       |       |       |       |       |       |     7 ||     7
       Passwall          |       |       |       |       |       |       |       |       |     2 ||     2
       Blade Hands       |       |       |       |       |       |       |       |       |     1 ||     1
Invok: Slouch            |       |       |       |       |     2 |     8 |     2 |     8 |    21 ||    41
       Temporal Distorti |       |       |       |       |     1 |       |     2 |     1 |     6 ||    10
 Abil: Evoke Berserk Rag |       |     1 |       |       |       |       |       |       |       ||     1
       End Transformatio |       |       |       |       |       |       |       |       |     1 ||     1
Evoke: Wand              |       |       |       |       |       |    11 |       |     3 |     4 ||    18
       Phial of floods   |       |       |       |       |       |     2 |       |     1 |     1 ||     4
       Lamp of fire      |       |       |       |       |       |       |       |       |     1 ||     1
       Box of beasts     |       |       |       |       |       |       |       |       |     1 ||     1
  Use: Scroll            |       |    13 |     4 |     9 |    14 |    12 |    18 |    12 |    68 ||   150
       Potion            |       |     3 |       |     1 |     2 |     1 |     2 |     3 |    59 ||    71
 Stab: Sleeping          |       |       |       |     3 |    12 |     2 |     4 |     4 |    10 ||    35
       Invisible         |       |       |       |     2 |       |       |       |       |       ||     2
       Distracted        |       |       |       |       |     5 |     3 |     2 |     4 |    10 ||    24
       Petrified         |       |       |       |       |     1 |       |       |       |       ||     1
       Confused          |       |       |       |       |       |     1 |       |       |     1 ||     2
       Held in net/web   |       |       |       |       |       |       |       |       |     1 ||     1
       Paralysed         |       |       |       |       |       |       |       |       |     1 ||     1
  Eat: Chunk             |       |     6 |     5 |     8 |     2 |     8 |       |       |     4 ||    33
       Ration            |       |       |     1 |     1 |     4 |     9 |    11 |    12 |    36 ||    74
Armor: Scale mail        |    60 |    22 |       |       |     6 |       |       |       |       ||    88
       Troll leather arm |       |    10 |    38 |    87 |    47 |    60 |    24 |    13 |    55 ||   334
       Skin              |       |       |       |    12 |       |   211 |   170 |   272 |  1004 ||  1669
Dodge: Dodged            |    23 |    46 |    87 |   293 |   440 |  1168 |   672 |  1071 |  5597 ||  9397
       Deflected         |       |       |       |       |       |       |       |    55 |   178 ||   233
Block: Shield            |    48 |       |       |       |       |   161 |  1272 |  1977 |  7195 || 10653
       Buckler           |    11 |    27 |    84 |   197 |   239 |   533 |       |       |       ||  1091
